 Dungeon Crawl Stone Soup version 0.17-a0-155-g14e20c2 (webtiles) character file.

309 karlm the Conjurer (level 6, -6/49 HPs)
             Began as a Naga Wizard on Mar 25, 2015.
             Mangled by an orc warrior
             ... wielding a +0 long sword
              (15 damage)
             ... on level 4 of the Dungeon.
             The game lasted 00:14:12 (4586 turns).

karlm the Conjurer (Naga Wizard)                    Turns: 4586, Time: 00:14:13

Health: -6/49      AC:  4    Str: 14    XL:     6   Next: 41%
Magic:  2/13       EV:  9    Int: 20    God:
Gold:   249        SH:  0    Dex: 10    Spells: 5 memorised, 1 level left

rFire  . . .     SeeInvis +     t - +3 mace
rCold  . . .     Clarity  .     a - +0 robe
rNeg   . . .     SustAb   .     (no shield)
rPois  +         Gourm    .     b - +0 hat
rElec  .         Spirit   .     y - +0 cloak
rCorr  .         Warding  .     (no gloves)
rMut   .         Stasis   .     (no barding)
MR     +....                    (no amulet)
Stlth  ++........               (no ring)
                                B - ring of protection from magic

@: mighty, very slightly contaminated, very slow, somewhat resistant to hostile
enchantments, unstealthy
A: spit poison, see invisible, deformed body, poison resistance, slowness 2, AC
+2
a: Spit Poison


You were on level 4 of the Dungeon.
You were not hungry.

You visited 1 branch of the dungeon, and saw 4 of its levels.

You collected 249 gold pieces.

Inventory:

Hand weapons
 t - a +3 mace (weapon)
Missiles
 j - 97 stones (quivered)
 p - 42 sling bullets
 u - 6 tomahawks of dispersal
 A - 8 poisoned needles
 E - 2 steel javelins
Armour
 a - a +0 robe (worn)
 b - a +0 hat (worn)
 n - a +2 large shield
 y - a +0 cloak (worn)
Jewellery
 B - a ring of protection from magic (left hand)
Scrolls
 e - 5 scrolls of noise
 f - 3 scrolls of enchant weapon {unknown}
 o - 2 scrolls of fear {unknown}
 v - 3 scrolls of identify {unknown}
 w - 4 scrolls of fog {unknown}
 x - a scroll of blinking {unknown}
 H - a scroll of teleportation {unknown}
Potions
 g - a potion of cure mutation {unknown}
 h - a potion of resistance {unknown}
 i - a potion of degeneration {unknown}
 k - a potion of invisibility {unknown}
 m - a potion of haste {unknown}
 q - 2 potions of might
 r - a potion of cancellation {unknown}
 s - 4 potions of curing {unknown}
 F - a potion of lignification {unknown}
 G - a potion of restore abilities {unknown}
Books
 c - a book of Minor Magic

   Spells                             Type                      Level
   a - Magic Dart                     Conjuration                  1
   b - Blink                          Translocation                2
   c - Call Imp                       Summoning                    2
   d - Repel Missiles                 Charms/Air                   2
   e - Slow                           Hexes                        2
   f - Conjure Flame                  Conjuration/Fire             3
   g - Mephitic Cloud                 Conjuration/Poison/Air       3
Comestibles
 d - 4 bread rations
 l - 7 fruits
 z - 3 meat rations
 C - a chunk of flesh
 D - 2 slices of pizza


   Skills:
 - Level 1.5 Dodging
 - Level 3.0 Stealth
 - Level 3.5 Spellcasting
 + Level 4.4 Conjurations
 + Level 2.6 Summonings
   Level 1.0 Translocations
 + Level 2.4 Fire Magic


You had one spell level left.
You knew the following spells:

 Your Spells              Type           Power        Failure   Level  Hunger
a - Magic Dart            Conj           ###.         2%          1    None
b - Call Imp              Summ           ##......     10%         2    ##.....
c - Conjure Flame         Conj/Fire      ###.....     12%         3    ###....
d - Mephitic Cloud        Conj/Pois/Air  #.......     24%         3    ###....
e - Repel Missiles        Chrm/Air       #.....       24%         2    ##.....


Dungeon Overview and Level Annotations

Branches:
Dungeon (4/15)
 Temple: D:4-7

Altars:
Ashenzari
Okawaru
Xom

Annotations:
D:3 Terence


Innate Abilities, Weirdness & Mutations

You cannot wear boots.
You can spit poison.
Your serpentine skin is tough (AC +2).
You have supernaturally acute eyesight.
Armour fits poorly on your strangely shaped body.
Your system is resistant to poisons.
You cover ground very slowly.


Message History

Casting: Mephitic Cloud
Confirm with . or Enter, or press ? or * to list all spells.
You don't have enough magic to cast that spell.
Unknown command.
Drink which item? (? for menu, Esc to quit)
Okay, then.
Read which item? (? for menu, Esc to quit)
As you read the scroll labeled GHIL EGAWANN, it crumbles to dust.
You hear a loud clanging noise!
It was a scroll of noise.
Your crimson imp blinks!
Your crimson imp hits the orc warrior.
The orc wizard gestures wildly while chanting.
You feel troubled.
Unknown command.
Drink which item? (? for menu, Esc to quit)
It was a potion of might.
You feel very mighty all of a sudden.
The orc warrior hits you with a long sword!
You die...

#..)##.#.#.#######....
#..[...#.#.# #####
##+#(###.#.###########
#.#.# #..............
#.#.#####.###########
####.#ยง##.......#
#...). #...............#
#..... #....5oo........#
#..... #......@........#
#.....
#...............###.....
#########...............
#..5....###.....
#(......# #.....
#.......# #.....
######### #..... ##.###
########## #.###


You could see an orc warrior, an orc wizard and 2 friendly crimson imps.

Vanquished Creatures
  A hound (D:4)
  7 adders
  A giant mite (D:1)
  2 worms
  3 giant geckos
  2 oozes
  An orc (D:4)
  21 bats
  6 giant cockroaches
  8 hobgoblins
  3 jackals (D:2)
  3 quokkas
  2 ball pythons
  2 giant newts
  6 goblins
  8 kobolds
  9 rats
85 creatures vanquished.

Vanquished Creatures (collateral kills)
  An ogre (D:4)
  A scorpion (D:4)
  A giant frog skeleton (D:4)
  An iguana (D:4)
  An adder (D:4)
  A worm (D:2)
  An ooze (D:2)
  An orc (D:4)
  A kobold (D:4)
9 creatures vanquished.

Vanquished Creatures (others)
  2 crimson imps (D:4)
  A white imp (D:4)
3 creatures vanquished.

Grand Total: 97 creatures vanquished

Notes
Turn   | Place    | Note
--------------------------------------------------------------
     0 | D:1      | karlm, the Naga Wizard, began the quest for the Orb.
     0 | D:1      | Reached XP level 1. HP: 15/15 MP: 4/4
   448 | D:1      | Reached XP level 2. HP: 22/22 MP: 3/6
  1062 | D:1      | Reached XP level 3. HP: 28/28 MP: 0/8
  1378 | D:2      | Found a shimmering altar of Xom.
  1407 | D:2      | Reached XP level 4. HP: 5/36 MP: 1/10
  1775 | D:2      | Learned a level 2 spell: Call Imp
  1779 | D:2      | Learned a level 3 spell: Conjure Flame
  1783 | D:2      | Learned a level 3 spell: Mephitic Cloud
  2082 | D:3      | Found an iron altar of Okawaru.
  2082 | D:3      | Noticed Terence
  2851 | D:3      | Reached skill level 1 in Fire Magic
  3049 | D:3      | Reached XP level 5. HP: 42/42 MP: 5/11
  3853 | D:4      | Reached skill level 4 in Conjurations
  3942 | D:4      | Found a shattered altar of Ashenzari.
  4001 | D:4      | Noticed an ogre
  4255 | D:4      | Killed an ogre
  4255 | D:4      | Reached XP level 6. HP: 49/49 MP: 4/13
  4336 | D:4      | Learned a level 2 spell: Repel Missiles
  4564 | D:4      | Noticed an orc warrior
  4586 | D:4      | Mangled by an orc warrior

Action                   |  1- 3 |  4- 6 || total
-------------------------+-------+-------++-------
Melee: Mace              |    10 |       ||    10
Throw: Stone             |     8 |       ||     8
 Cast: Magic Dart        |    49 |   120 ||   169
       Call Imp          |       |    24 ||    24
 Abil: Spit Poison       |    14 |    31 ||    45
  Use: Scroll            |       |     1 ||     1
       Potion            |       |     1 ||     1
 Stab: Sleeping          |     1 |       ||     1
  Eat: Chunk             |     2 |    12 ||    14
